 Dungeon Crawl Stone Soup version 0.27-a0-590-g94244163b4 (webtiles) character file.

Game seed: 5527286195986138153

1113 wakim the Quickloader (level 8, -5/58 HPs)
             Began as a Gnoll Wanderer on Mar 10, 2021.
             Was a Believer of Makhleb.
             Slain by a troll zombie (11 damage)
             ... in an ossuary.
             The game lasted 00:16:58 (5732 turns).

wakim the Quickloader (Gnoll Wanderer)              Turns: 5732, Time: 00:16:59

Health: -5/58      AC: 14    Str: 13    XL:     8   Next: 33%
Magic:  12/12      EV:  9    Int: 12    God:    Makhleb [**....]
Gold:   218        SH:  9    Dex: 12    Spells: 13/13 levels left

rFire    . . .     SeeInvis .   b - +2 short sword (protect)
rCold    . . .     Faith    .   d - +0 kite shield
rNeg     . . .     Spirit   .   j - +0 ring mail
rPois    .         Reflect  .   (no helmet)
rElec    .         Harm     .   (no cloak)
rCorr    .         Rampage  .   e - +0 pair of gloves
Will     +....                  (no boots)
Stlth    ++........             (no amulet)
HPRegen  0.19/turn              y - ring of willpower
MPRegen  0.13/turn              (no ring)

@: protection aura, invisible
A: fangs 1, strong nose, distributed training
a: Renounce Religion, Minor Destruction


You were in an ossuary.
You worshipped Makhleb.
Makhleb was pleased with you.
You visited 1 branch of the dungeon, and saw 5 of its levels.
You also visited: Ossuary.

You collected 218 gold pieces.

Inventory:

Hand Weapons
 a - a +1 trident of venom
 b - a +2 short sword of protection (weapon)
 A - a +3 dagger of venom
Missiles
 f - 3 boomerangs (quivered)
Armour
 d - a +0 kite shield (worn)
 e - a +0 pair of gloves (worn)
 i - a +0 chain mail
 j - a +0 ring mail (worn)
 s - a +3 chain mail
Jewellery
 y - a ring of willpower (right hand)
 z - a ring of ice
Wands
 u - a wand of charming (15)
Scrolls
 c - 2 scrolls of teleportation
 k - a scroll of amnesia
 q - 4 scrolls of magic mapping
 t - a scroll of enchant weapon {unknown}
Potions
 h - a potion of haste
 l - 2 potions of attraction
 o - a potion of mutation
 x - a potion of invisibility


   Skills:
 + Level 3.2 Fighting
 + Level 3.2 Short Blades
 + Level 5.6 Long Blades
 + Level 3.2 Axes
 + Level 3.2 Maces & Flails
 + Level 3.2 Polearms
 + Level 3.2 Staves
 + Level 3.2 Slings
 + Level 3.2 Bows
 + Level 9.1 Crossbows
 + Level 3.2 Throwing
 + Level 4.1 Armour
 + Level 3.2 Dodging
 + Level 5.3 Stealth
 + Level 4.1 Shields
 + Level 3.2 Unarmed Combat
 + Level 3.2 Spellcasting
 + Level 2.6 Conjurations
 + Level 2.6 Hexes
 + Level 2.6 Summonings
 + Level 2.6 Necromancy
 + Level 2.6 Translocations
 + Level 2.6 Transmutations
 + Level 2.6 Fire Magic
 + Level 2.6 Ice Magic
 + Level 2.6 Air Magic
 + Level 2.6 Earth Magic
 + Level 2.6 Poison Magic
 + Level 3.5 Invocations
 + Level 3.2 Evocations


You had 13 spell levels left.
You didn't know any spells.
Your spell library was empty.

Dungeon Overview and Level Annotations

Branches:
Dungeon (5/15)            Ossuary (1/1)
 Temple: D:4-7

Altars:
Cheibriados
Fedhas
Makhleb
Trog
Zin


Innate Abilities, Weirdness & Mutations

You have very sharp teeth.
Your uncanny sense of smell can sniff out nearby items.
Your experience applies equally to all skills.


Message History

You destroy the centaur zombie!
Makhleb accepts your kill.
You hit the hobgoblin zombie.
You destroy the hobgoblin zombie!
Makhleb accepts your kill.
You hit the troll zombie.
You bite the troll zombie, but do no damage.
The troll zombie is lightly damaged.
You block the troll zombie's attack.
The troll zombie claws you but does no damage.
You block the troll zombie's attack.
You hit the troll zombie.
You bite the troll zombie, but do no damage.
The troll zombie is lightly damaged.
You block the troll zombie's attack. The troll zombie barely misses you.
The troll zombie claws you but does no damage.
You hit the troll zombie.
The troll zombie is lightly damaged.
The troll zombie closely misses you. You block the troll zombie's attack.
The troll zombie claws you but does no damage.
You hit the troll zombie.
The troll zombie is lightly damaged.
The troll zombie bites you but does no damage.
The troll zombie claws you.
* * * LOW HITPOINT WARNING * * *
The troll zombie claws you.
* * * LOW HITPOINT WARNING * * *
You barely miss the troll zombie.
The troll zombie is lightly damaged.
The troll zombie bites you but does no damage.
You block the troll zombie's attack.
The troll zombie claws you but does no damage.
You hit the troll zombie.
The troll zombie is moderately damaged.
You block the troll zombie's attack. x2; The troll zombie claws you!
* * * LOW HITPOINT WARNING * * *
It was a potion of cancellation.
You feel magically purged.
You fade into invisibility!
The troll zombie bites you!
You die...

#..#
#.......??$?!...
#..#
#........???....
#..+
+...............
#..#
#...............
#..#
####......#.....
#..
#.........#.....
#....#....#....#
###....#....#....#
#@#..Z.#....#....#
#Z####'###+###+###
#Z..#...#
#..###'###'###+##
#.................
#∩................
##################


You could see a centaur zombie and a troll zombie.

Vanquished Creatures
  Menkaure (Ossuary)
  An ice beast (D:5)
  An eye of draining (D:4)
  2 ogres (D:4)
  2 elf skeletons (D:5)
  A howler monkey (D:5)
  2 centaur zombies
  Jessica (D:2)
  Terence (D:2)
  A human skeleton (D:5)
  A worker ant (D:4)
  An ogre zombie (Ossuary)
  A mummy (Ossuary)
  Robin (D:4)
  8 adders
  4 gnolls (D:3)
  A shadow imp (D:5)
  A white imp (D:5)
  2 oozes
  An adder zombie (Ossuary)
  4 worms
  2 dart slugs
  2 leopard geckos (D:4)
  13 orcs
  7 bats
  5 giant cockroaches
  2 gnoll zombies (Ossuary)
  18 goblins
  13 hobgoblins
  6 jackals
  2 quokkas
  6 frilled lizards
  A goblin zombie (Ossuary)
  2 hobgoblin zombies (Ossuary)
  8 kobolds
  2 kobold zombies (Ossuary)
  A leopard gecko skeleton (D:4)
  An orc skeleton (D:5)
  An orc zombie (Ossuary)
  A quokka zombie (Ossuary)
  5 rats
136 creatures vanquished.

Vanquished Creatures (others)
  10 plants (D:5)
10 creatures vanquished.

Grand Total: 146 creatures vanquished

Notes
Turn   | Place    | Note
-------+----------+-------------------------------------------
     0 | D:1      | wakim the Gnoll Wanderer began the quest for the Orb.
     0 | D:1      | wakim set off with the following items: a +0 club, a +0
                  | ring mail, a scroll of teleportation, a +0 kite shield, a
                  | +0 dagger
     0 | D:1      | Reached XP level 1. HP: 13/13 MP: 1/1
   304 | D:1      | Reached XP level 2. HP: 16/19 MP: 2/2
  1247 | D:2      | Noticed Jessica
  1279 | D:2      | Killed Jessica
  1280 | D:2      | Reached skill level 1 in Invocations
  1280 | D:2      | Reached XP level 3. HP: 25/25 MP: 2/4
  1308 | D:2      | Reached skill level 1 in Fighting
  1308 | D:2      | Reached skill level 1 in Short Blades
  1308 | D:2      | Reached skill level 1 in Axes
  1308 | D:2      | Reached skill level 1 in Maces & Flails
  1308 | D:2      | Reached skill level 1 in Polearms
  1308 | D:2      | Reached skill level 1 in Staves
  1308 | D:2      | Reached skill level 1 in Slings
  1308 | D:2      | Reached skill level 1 in Bows
  1308 | D:2      | Reached skill level 1 in Throwing
  1308 | D:2      | Reached skill level 1 in Dodging
  1308 | D:2      | Reached skill level 1 in Unarmed Combat
  1308 | D:2      | Reached skill level 1 in Spellcasting
  1308 | D:2      | Reached skill level 1 in Evocations
  1486 | D:2      | Reached XP level 4. HP: 31/32 MP: 5/5
  1951 | D:2      | Reached skill level 1 in Conjurations
  1951 | D:2      | Reached skill level 1 in Hexes
  1951 | D:2      | Reached skill level 1 in Summonings
  1951 | D:2      | Reached skill level 1 in Necromancy
  1951 | D:2      | Reached skill level 1 in Translocations
  1951 | D:2      | Reached skill level 1 in Transmutations
  1951 | D:2      | Reached skill level 1 in Fire Magic
  1951 | D:2      | Reached skill level 1 in Ice Magic
  1951 | D:2      | Reached skill level 1 in Air Magic
  1951 | D:2      | Reached skill level 1 in Earth Magic
  1951 | D:2      | Reached skill level 1 in Poison Magic
  2482 | D:2      | Found a burning altar of Makhleb.
  2485 | D:2      | Found a glowing silver altar of Zin.
  2485 | D:2      | Noticed Terence
  2486 | D:2      | Noticed an angel
  2486 | D:2      | Noticed a green death
  2487 | D:2      | Killed Terence
  2488 | D:2      | Reached XP level 5. HP: 37/37 MP: 5/7
  2493 | D:2      | Became a worshipper of Makhleb the Destroyer
  2874 | D:3      | Reached * piety under Makhleb
  3256 | D:3      | Found a blossoming altar of Fedhas.
  3646 | D:3      | Reached XP level 6. HP: 44/44 MP: 8/8
  3843 | D:4      | Noticed Robin
  3888 | D:4      | Killed Robin
  4103 | D:4      | Reached skill level 5 in Long Blades
  4274 | D:4      | Reached XP level 7. HP: 4/50 MP: 10/10
  4660 | D:4      | Found a bloodstained altar of Trog.
  4670 | D:4      | Reached ** piety under Makhleb
  4849 | D:4      | Found a snail-covered altar of Cheibriados.
  5103 | D:5      | Entered Level 5 of the Dungeon
  5263 | D:5      | Reached skill level 5 in Stealth
  5307 | D:5      | Reached skill level 9 in Crossbows
  5396 | D:5      | Reached XP level 8. HP: 43/57 MP: 12/12
  5535 | D:5      | Found a sand-covered staircase.
  5555 | Ossuary  | Entered an ossuary
  5635 | Ossuary  | Noticed Menkaure
  5657 | Ossuary  | Killed Menkaure
  5664 | Ossuary  | HP: 1/58 [mummy (11)]
  5732 | Ossuary  | Slain by a troll zombie

Illustrated notes

Levels and vault maps discovered:
D:1:      dpeg_arrival_fog, layout_loops_cross, serial_bayou_lagoon_b
D:2:      layout_rooms, grunt_temple_overflow_order_and_chaos_2, uniq_jessica,
          uniq_terence
D:3:      layout_loops_cross, nicolae_overflow_crystal_walls,
          hangedman_decor_points
D:4:      layout_basic, nicolae_overflow_hidden_temple, st_stairs_10,
          trog_eyes_of_draining, uniq_robin
D:5:      layout_cave_pods, nicolae_ossuary_entry_catacombs,
          hellmonk_ghost_happy_afterlife, guppyfry_early_lair_pool
Ossuary:  ossuary_boxes_badplayer

Skill      XL: |  1  2  3  4  5  6  7  8 |
---------------+-------------------------+-----
Invocations    | 1 2 3 |  3.5
Fighting       | 1 2 3 |  3.2
Short Blades   | 1 2 3 |  3.2
Axes           | 1 2 3 |  3.2
Maces & Flails | 1 2 3 |  3.2
Polearms       | 1 2 3 |  3.2
Staves         | 1 2 3 |  3.2
Slings         | 1 2 3 |  3.2
Bows           | 1 2 3 |  3.2
Throwing       | 1 2 3 |  3.2
Dodging        | 1 2 3 |  3.2
Unarmed Combat | 1 2 3 |  3.2
Spellcasting   | 1 2 3 |  3.2
Evocations     | 1 2 3 |  3.2
Conjurations   | 1 2 |  2.6
Hexes          | 1 2 |  2.6
Summonings     | 1 2 |  2.6
Necromancy     | 1 2 |  2.6
Translocations | 1 2 |  2.6
Transmutations | 1 2 |  2.6
Fire Magic     | 1 2 |  2.6
Ice Magic      | 1 2 |  2.6
Air Magic      | 1 2 |  2.6
Earth Magic    | 1 2 |  2.6
Poison Magic   | 1 2 |  2.6
Armour         | 3 4 |  4.1
Shields        | 3 4 |  4.1
Long Blades    | 5 |  5.6
Stealth        | 5 |  5.3
Crossbows      | 9 |  9.1

Action                   |  1- 3 |  4- 6 |  7- 9 || total
-------------------------+-------+-------+-------++-------
Melee: Dagger            |    13 |   144 |       ||   157
       Hand axe          |    91 |    24 |       ||   115
       Bite              |     7 |    14 |    26 ||    47
       Mace              |       |    40 |       ||    40
       Trident           |       |     8 |   141 ||   149
       Short sword       |       |       |    77 ||    77
Throw: Boomerang         |     1 |     8 |       ||     9
  Use: Scroll            |       |       |    10 ||    10
       Potion            |       |       |     3 ||     3
 Stab: Sleeping          |     3 |     7 |     7 ||    17
Armor: Ring mail         |    45 |    74 |    80 ||   199
       Chain mail        |     6 |       |       ||     6
Dodge: Dodged            |    32 |    74 |    55 ||   161
Block: Kite shield       |    44 |   109 |    74 ||   227

Table legend: (Time is in decaauts)
 A = Elapsed time spent in this place.
 B = Non-inter-level travel time spent in this place.
 C = Inter-level travel time spent in this place.
 D = Time resting spent in this place.
 E = Time spent auto-exploring this place.
 F = Levels seen in this place.
 G = Mean time per level.
                   A        B        C        D        E       F      G
               +--------+--------+--------+--------+--------+-----+--------+
         Total |   5937 |   5715 |    222 |   2182 |   2000 |   6 |  989.5 |
       Dungeon |   5745 |   5523 |    222 |   2182 |   1982 |   5 | 1149.0 |
       Ossuary |    192 |    192 |      0 |      0 |     18 |   1 |  192.0 |
               +--------+--------+--------+--------+--------+-----+--------+

Top non-repeatable levels by time:
     D:1: 1801 daAuts
     D:3: 1329 daAuts
     D:4: 1287 daAuts
     D:2: 842 daAuts
     D:5: 484 daAuts
 Ossuary: 192 daAuts
